 Dungeon Crawl Stone Soup version 0.17-a0-854-g4a4ba72 (webtiles) character file.

178 raph the Stinger (level 5, -2/28 HPs)
             Began as a Deep Elf Venom Mage on Apr 28, 2015.
             Killed from afar by an orc wizard (4 damage)
             ... with a magic dart
             ... on level 4 of the Dungeon.
             The game lasted 00:08:27 (3787 turns).

raph the Stinger (Deep Elf Venom Mage)              Turns: 3787, Time: 00:08:28

Health: -2/28      AC:  2    Str: 11    XL:     5   Next: 32%
Magic:  1/13       EV: 13    Int: 20    God:
Gold:   68         SH:  0    Dex: 15    Spells: 3 memorised, 6 levels left

rFire  . . .     SeeInvis .     p - +0 quarterstaff
rCold  . . .     Clarity  .     a - +0 robe
rNeg   . . .     SustAb   .     (no shield)
rPois  .         Gourm    .     r - +0 hat
rElec  .         Spirit   .     (no cloak)
rCorr  .         Warding  .     (no gloves)
rMut   .         Stasis   .     (no boots)
MR     .....                    (no amulet)
Stlth  ++........               (no ring)
                                (no ring)

@: mighty, very slightly contaminated, not resistant to hostile enchantments,
unstealthy
A: no striking features
a: no special abilities


You were on level 4 of the Dungeon.
You were not hungry.

You visited 1 branch of the dungeon, and saw 5 of its levels.

You collected 68 gold pieces.

Inventory:

Hand weapons
 d - a +0 dagger
 p - a +0 quarterstaff (weapon)
Missiles
 i - 3 tomahawks (quivered)
Armour
 a - a +0 robe (worn)
 r - a +0 hat (worn)
Magical devices
 m - a wand of heal wounds (4)
Scrolls
 g - a scroll of blinking {unknown}
 h - 3 scrolls of identify
 k - a scroll of noise {unknown}
 n - a scroll of enchant weapon {unknown}
 o - a scroll of teleportation {unknown}
Potions
 e - a potion of brilliance
 j - a potion of agility
 q - a potion of mutation {unknown}
Books
 b - a Young Poisoner's Handbook

   Spells                             Type                      Level
   a - Sting                          Conjuration/Poison           1
   b - Cure Poison                    Poison                       2
   c - Mephitic Cloud                 Conjuration/Poison/Air       3
   d - Olgreb's Toxic Radiance        Poison                       4
   e - Venom Bolt                     Conjuration/Poison           5
Comestibles
 c - 4 bread rations
 f - 3 meat rations


   Skills:
 - Level 2.4 Dodging
 - Level 2.4 Stealth
 - Level 4.2 Spellcasting
 + Level 2.5 Conjurations
 * Level 6.2 Poison Magic


You had 6 spell levels left.
You knew the following spells:

 Your Spells              Type           Power        Failure   Level  Hunger
a - Sting                 Conj/Pois      ###.         2%          1    None
b - Cure Poison           Pois           ####......   1%          2    #......
c - Mephitic Cloud        Conj/Pois/Air  ###.....     14%         3    ###....


Dungeon Overview and Level Annotations

Branches:
Dungeon (5/15)
 Temple: D:4-7

Altars:
Ashenzari


Message History

Casting: Sting
Confirm with . or Enter, or press ? or * to list all spells.
You don't have enough magic to cast that spell.
Casting: Sting
Confirm with . or Enter, or press ? or * to list all spells.
Aiming: Sting
Press: ? - help, Shift-Dir - straight line The sting hits something.
Something completely misses you.
You barely miss something. Something hits you.
* * * LOW HITPOINT WARNING * * *
You barely miss something. Something hits you.
* * * LOW HITPOINT WARNING * * *
Something hits you.
* * * LOW HITPOINT WARNING * * *
Drink which item? (? for menu, Esc to quit)
You feel very mighty all of a sudden.
You hear some strange, mumbled words.
A magic dart appears from out of thin air!
The magic dart hits you!
You die...

.##...................##
.##........)..###..##...
.............###..## ##.
..##.......####..##
..####.....###..# #..#
###....[...# #..#
##..####.### ##.# ####
#.{.# ### ##@#..# #(# .#
#.# # ###


There were no monsters in sight!

Vanquished Creatures
  An orc priest (D:4)
  Jessica (D:3)
  A hound skeleton (D:3)
  2 gnolls (D:2)
  2 adders (D:2)
  A shadow imp (D:4)
  3 worms
  3 giant geckos
  2 orcs (D:4)
  6 hobgoblins
  5 jackals (D:3)
  4 kobolds
  A quokka (D:3)
  A bat (D:2)
  4 giant newts
  5 goblins
  7 rats
49 creatures vanquished.

Vanquished Creatures (others)
  An orc (D:4)
1 creature vanquished.

Grand Total: 50 creatures vanquished

Notes
Turn   | Place    | Note
--------------------------------------------------------------
     0 | D:1      | raph, the Deep Elf Venom Mage, began the quest for the Orb.
     0 | D:1      | Reached XP level 1. HP: 10/10 MP: 6/6
  1075 | D:1      | Reached XP level 2. HP: 15/15 MP: 4/8
  1293 | D:2      | Reached skill level 5 in Poison Magic
  1341 | D:2      | Learned a level 2 spell: Cure Poison
  1532 | D:2      | Reached XP level 3. HP: 19/19 MP: 6/10
  2125 | D:2      | Learned a level 3 spell: Mephitic Cloud
  2315 | D:2      | Reached XP level 4. HP: 24/24 MP: 7/12
  2363 | D:2      | Reached skill level 1 in Conjurations
  2552 | D:2      | Found a shattered altar of Ashenzari.
  2751 | D:3      | Noticed Jessica
  2754 | D:3      | Killed Jessica
  3485 | D:3      | You fall through a shaft for 2 floors!
  3485 | D:5      | Entered Level 5 of the Dungeon
  3508 | D:4      | Reached XP level 5. HP: 10/28 MP: 13/13
  3759 | D:4      | Reached skill level 6 in Poison Magic
  3786 | D:4      | HP: 1/28 [something (3)]
  3787 | D:4      | Killed from afar by an orc wizard

Action                   |  1- 3 |  4- 6 || total
-------------------------+-------+-------++-------
Melee: Dagger            |    13 |    11 ||    24
       Quarterstaff      |       |    17 ||    17
Throw: Tomahawk          |       |     3 ||     3
 Cast: Sting             |    67 |    49 ||   116
       Mephitic Cloud    |       |     3 ||     3
  Use: Scroll            |       |     5 ||     5
       Potion            |       |     1 ||     1
  Eat: Chunk             |     4 |     2 ||     6
       Meat ration       |       |     1 ||     1
